Unix NetHack Version 5.0.0-0 post-release - last build Jul 19 2026 19:10:59 (3aa4ab31751d3886436d94b585a96704892fd477,branch:main).

Game began 2026-07-30 09:09:23, ended 2026-07-30 14:00:45.

Jandor, neutral male human Wizard

                                                                          ----
                                                                          |..|
                                                          |              #..^|
                                                          |@             #|<.|
                                                          -.             #----
                                                           |             #
                                                           Z[            #
                                                            @#####       #
                                                                 #      ##
                                                                 #      #
                                                            -----.------#
                                                            |...........#
                                                            |..........|
                                                            |..........|
                                                            ------------

Jandor the Thaumaturge    St:13 Dx:11 Co:17 In:18 Wi:14 Ch:12  Neutral
Dlvl:8  $:0  HP:0(47) Pw:20(72) AC:6  Xp:7 T:6142 

Latest messages:
 The spell hits the gray ooze!
 You kill the gray ooze!
 You see here a rock.
 You feel wise!
 You must have been very observant.
 You feel tough!
 You must have been leading a healthy life-style.
 In what direction? 1
 The door closes.
 In what direction? 1
 Thwack!!
 In what direction? 1
 Whammm!!
 In what direction? 1
 Whammm!!
 In what direction? 1
 As you kick the door, it crashes open!
 You descend the stairs.
 A cloud of gas puts you to sleep!
 You dream that you hear a door open.
 You dream that you hear some noises in the distance.
 You wake up.
 In what direction? 8
 The door closes.
 In what direction? 8
 As you kick the door, it crashes open!
 The housecat bites!
 You miss the housecat.
 The housecat bites!
 The housecat bites!
 In what direction? 8
 The spell hits the housecat!
 The housecat bites!
 The housecat bites!
 In what direction? 8
 The spell misses the housecat.
 The housecat just misses!
 In what direction? 8
 The spell hits the housecat!
 You kill the housecat!
 There are many objects here.
 Sully's ghost touches you!
 The giant zombie hits!
 The giant zombie hits again!
 Are you sure you want to pray? [yn] (n) y
 You begin praying to Thoth.
 The giant zombie hits!
 You die...
 Do you want your possessions identified? [ynq] (y) n
 Do you want to see your attributes? [ynq] (y) q

Inventory:
 Weapons  (')')
  E - a rusty +1 orcish dagger
 Armor    ('[')
  b - an uncursed +0 cloak of magic resistance (being worn)
  l - an uncursed +0 studded leather armor (being worn)
 Scrolls  ('?')
  u - an uncursed scroll of food detection
  r - an uncursed scroll of identify
 Potions  ('!')
  g - a cursed potion of booze
  q - a cursed potion of healing
  f - an uncursed potion of sleeping
 Rings    ('=')
  e - an uncursed +1 ring of gain constitution (on right hand)
  a - an uncursed ring of polymorph control
 Wands    ('/')
  i - a wand of cold (0:3)
  c - a wand of probing (0:4)
  d - a wand of sleep (0:7)
 Tools    ('(')
  R - an uncursed bag of holding containing 32 items
  W - a bag of tricks (0:3)
  D - an uncursed lock pick
  P - an uncursed magic whistle
  v - an uncursed mirror
 Gems/Stones  ('*')
  h - 2 uncursed worthless pieces of black glass
  o - an uncursed worthless piece of white glass
  p - 2 uncursed worthless pieces of yellowish brown glass

Contents of the bag of holding:
  112 gold pieces
  a rusty +0 dagger
  a blessed +1 quarterstaff
  a +0 lance
  an uncursed +0 dwarvish mithril-coat
  an uncursed banana
  an uncursed tripe ration
  an uncursed scroll of amnesia
  an uncursed scroll of blank paper
  a blessed scroll of blank paper
  a cursed scroll of destroy armor
  an uncursed scroll of enchant armor
  a blessed scroll of enchant weapon
  an uncursed scroll of enchant weapon
  a blessed scroll of identify
  an uncursed scroll of light
  2 uncursed scrolls of remove curse
  a blessed scroll of teleportation
  an uncursed spellbook of turn undead
  an uncursed potion of full healing
  an uncursed potion of hallucination
  2 uncursed potions of healing
  a blessed potion of speed
  an uncursed ring of warning
  a wand of digging (0:6)
  a wand of speed monster (0:4)
  a wand of teleportation (0:5)
  a +0 pick-axe
  an uncursed towel
  an uncursed towel
  an uncursed worthless piece of blue glass
  an uncursed worthless piece of yellow glass

Jandor the Wizard's attributes:

Background:
 You were a Thaumaturge, a level 7 male human Wizard.
 You were neutral, on a mission for Thoth
 who was opposed by Ptah (lawful) and Anhur (chaotic).
 You were left-handed.
 You were in the Dungeons of Doom, on level 8.
 You entered the dungeon 6142 turns ago.
 There was a full moon in effect when your adventure ended.
 You had 759 experience points, 521 more were needed to attain level 8.

Basics:
 You had 0 out of 47 hit points.
 You had 20 out of 72 energy points (spell power).
 Your armor class was 6.
 Your wallet was empty, but
 you had 112 zorkmids stashed away in your pack.
 Autopickup was off.

Final Characteristics:
 Your strength was 13 (limit:18/100).
 Your dexterity was 11 (limit:18).
 Your constitution was 17 (base:16, limit:18).
 Your intelligence was 18 (limit:18).
 Your wisdom was 14 (limit:18).
 Your charisma was 12 (limit:18).

Final Status:
 You weren't hungry.
 You were unencumbered.
 You were bare handed.
 You were unskilled in bare handed combat.

Final Attributes:
 You were piously aligned.
 You were magic-protected.
 You were warded.
 You were unlucky.
 You are dead.

Miscellaneous:
 You encountered 2 bones levels.
 Total elapsed playing time was 3 hours, 6 minutes and 51 seconds.

Major events:
 Turn
    1: Jandor the neutral male human Wizard entered the dungeon
  804: read a Discworld novel
  804: attained the rank of Conjurer (level 3)
 2689: entered the Gnomish Mines
 3589: attained the rank of Thaumaturge (level 6)
 5404: entered Sokoban
 6142: killed by a giant zombie, while praying

Spells:
 Name                 Level Category     Fail Retention
 force bolt             1   attack         0%   61%-70%
 identify               3   divination    77%   51%-75%
 invisibility           4   escape       100%   51%-75%
 slow monster           2   enchantment    0%   71%-80%

Skills:
 Fighting Skills
   bare handed combat [Unskilled]
   riding             [Unskilled]
 Weapon Skills
   dagger             [Skilled]
   knife              [Unskilled]
   axe                [Unskilled]
   short sword        [Unskilled]
   club               [Unskilled]
   mace               [Unskilled]
   quarterstaff       [Basic]
   polearms           [Unskilled]
   spear              [Unskilled]
   trident            [Unskilled]
   sling              [Unskilled]
   dart               [Unskilled]
   shuriken           [Unskilled]
 Spellcasting Skills
   attack spells      [Basic]
   healing spells     [Unskilled]
   divination spells  [Unskilled]
   enchantment spells [Basic]
   clerical spells    [Unskilled]
   escape spells      [Unskilled]
   matter spells      [Unskilled]

Voluntary challenges:
 Character rerolling was not enabled.
 You never genocided any monsters.
 You never polymorphed an object.
 You never changed form.
 You used no wishes.
 You did not violate any of the special Sokoban rules.
Achievements:
 You entered a shop.
 You read from a Discworld novel.
 You attained the rank of Conjurer.
 You entered the Gnomish Mines.
 You attained the rank of Thaumaturge.
 You entered Sokoban.

 The Dungeons of Doom: levels 1 to 8
    Level 1:
       Some fountains.
    Level 2:
       A scroll shop.
    Level 3:
       A tool shop.
    Level 4:
       Some fountains.
       Stairs down to The Gnomish Mines.
    Level 5:
       A general store, some fountains.
    Level 6:
    Level 7:
       A fountain.
       Stairs up to Sokoban, level 6.
    Level 8: <- You were here.
       Final resting place for
          you, killed by a giant zombie, while praying,
          sully-Pri-Elf-Mal-Cha, killed by a mildly contaminated potion.
 The Gnomish Mines: levels 5 to 6
    Level 5:
    Level 6:
       Final resting place for
          dutu-Arc-Gno-Mal-Neu, killed by a rothe.
 Sokoban:
    Level 6:
       Unsolved.


Vanquished creatures:
  2 quivering blobs
  2 dwarf mummies
  a housecat
  a raven
 an ape
  2 wood nymphs
  2 rock moles
  2 ponies
  2 fog clouds
  2 gnome leaders
  a gnomish wizard
  3 gray oozes
 an elf zombie
  a ghoul
  a straw golem
  a paper golem
  a little dog
  2 floating eyes
  2 kittens
  2 dwarves
  a homunculus
  a kobold leader
  a kobold shaman
  4 rothes
  a centipede
  a giant bat
  4 orc zombies
  3 dwarf zombies
  a werejackal
  4 iguanas
 an acid blob
  a gas spore
  3 hobbits
  a hobgoblin
  2 giant rats
  5 cave spiders
  a brown mold
  2 yellow molds
  a green mold
 12 gnomes
  2 gnome zombies
  2 geckos
 13 jackals
  3 foxes
  a kobold
  a goblin
  2 sewer rats
  7 grid bugs
  a bat
  2 lichens
  5 kobold zombies
  6 newts
127 creatures vanquished.

No species were genocided or became extinct.

Game over:
                       ----------
                      /          \
                     /    REST    \
                    /      IN      \
                   /     PEACE      \
                  /                  \
                  |      Jandor      |
                  |      112 Au      |
                  |   killed by a    |
                  |   giant zombie   |
                  |                  |
                  |                  |
                  |       2026       |
                 *|     *  *  *      | *
        _________)/\\_//(\/(/\)/\//\/|_)_______

Goodbye Jandor the Wizard...

You died in The Dungeons of Doom on dungeon level 8 with 3497 points,
and 112 pieces of gold, after 6142 moves.
You were level 7 with a maximum of 47 hit points when you died.

